 Dungeon Crawl Stone Soup version 0.29-a0-1047-g7c58e119a4 (webtiles) character file.

Game seed: 12622440219246416316

328 ytrimaz the Insei (level 6, -5/43 HPs)
             Began as a Demonspawn Transmuter on Aug 16, 2022.
             Slain by Duvessa
             ... wielding a +0 short sword
              (14 damage)
             ... on level 5 of the Dungeon.
             The game lasted 00:06:01 (4246 turns).

ytrimaz the Insei (Demonspawn Transmuter)           Turns: 4246, Time: 00:06:02

Health: -5/43      AC:  2    Str:  7 (9)  XL:     6   Next: 25%
Magic:  1/9        EV: 19    Int: 20 (22) God:
Gold:   174        SH:  0    Dex: 21 (22) Spells: 3/9 levels left

rFire   . . .      SeeInvis .     - Unarmed
rCold   . . .      Faith    .   (shield currently unavailable)
rNeg    . . .      Spirit   .   (body armour currently unavailable)
rPois   x          Reflect  .   (helmet currently unavailable)
rElec   .          Harm     .   (cloak currently unavailable)
rCorr   .          Rampage  .   (gloves currently unavailable)
Will    .....                   (boots currently unavailable)
Stlth   ++........              (no amulet)
HPRegen 0.14/turn               i - +6 ring of intelligence
MPRegen 0.11/turn               (no ring)

@: spider-form, slightly contaminated, unable to read
A: venomous fangs, tiny, powered by death 1, (sharp scales 1), (weakness stinger
1), agile 1, (fire resistance 1), inability to read after injury 1, MP-powered
wands
a: End Transformation


You were on level 5 of the Dungeon.
You were a venomous arachnid creature.
You visited 1 branch of the dungeon, and saw 5 of its levels.

You collected 234 gold pieces.
You spent 60 gold pieces at shops.

Inventory:

Armour
 a - a +0 robe
 h - a +2 leather armour of poison resistance (melded)
Jewellery
 i - a +6 ring of intelligence (left front leg)
Wands
 b - a wand of iceblast (5)
 g - a wand of flame (18)
Scrolls
 c - a scroll of amnesia
 d - a scroll of silence


   Skills:
 - Level 1.0 Fighting
 - Level 1.7 Dodging
 + Level 6.4 Unarmed Combat
 - Level 2.0 Spellcasting
 - Level 1.7 Transmutations


You had 3 spell levels left.
You knew the following spells:

 Your Spells              Type           Power      Damage    Failure   Level
a - Beastly Appendage     Tmut           18%        N/A       21%         1
b - Wereblood             Tmut           9%         N/A       28%         2
c - Spider Form           Tmut/Pois      5%         N/A       54%         3

Your spell library contained the following spells:

 Spells                   Type           Power      Damage    Failure   Level
 Apportation              Tloc           4%         N/A       34%         1
 Necrotise                Necr           8%         1d4       34%         1
 Summon Small Mammal      Summ           8%         N/A       34%         1
 Ice Form                 Ice/Tmut       5%         N/A       88%         4
 Corpse Rot               Necr/Pois/Air  2%         N/A       94%         4
 Dispel Undead            Necr           2%         3d7       94%         4
 Passage of Golubria      Tloc           2%         N/A       94%         4
 Silence                  Hex/Air        1%         N/A       100%        5
 Death Channel            Necr           1%         N/A       100%        6
 Lehudib's Crystal Spear  Conj/Erth      1%         10d2      100%        8


Dungeon Overview and Level Annotations

Branches:
Dungeon (5/15)
 Temple: D:4-7

Altars:

Shops:
D:2 *

Annotations:
D:5 Duvessa


Innate Abilities, Weirdness & Mutations

You are a venomous arachnid creature.
You have poisonous fangs.
You are tiny and dextrous.
Your spellcasting is less reliable in this form.
Your armour is entirely melded.
You are incapable of wielding weapons or throwing items.
You regenerate a little health from kills.
((You are partially covered in razor-sharp scales. (AC +1, Slay +1)))
((You have a small tail.))
You are agile. (Dex +4, Str/Int -1)
((Your flesh is heat resistant. (rF+)))
You occasionally lose the ability to read scrolls when taking damage.
You expend magic power (3 MP) to strengthen your wands.


Message History

You aren't carrying any potions.
Throw: 2 throwing nets
Press: ? - help, Q - select action, (/) - cycle Shift-Dir - straight line, f/p - Duvessa
Aim: Duvessa, wielding a +0 short sword and wearing a +0 leather armour (berserk, 64% to hit)
You throw a throwing net. The throwing net hits Duvessa.
Duvessa is caught in the net!
Duvessa struggles against the net.
Duvessa struggles against the net. x2
The net rips apart, and Duvessa comes free!
Duvessa rages.
There is a stone staircase leading down here.
Throw: throwing net
Press: ? - help, Q - select action, (/) - cycle Shift-Dir - straight line, f/p - Duvessa
Aim: Duvessa, wielding a +0 short sword and wearing a +0 leather armour (berserk, 64% to hit)
You throw a throwing net.
The throwing net closely misses Duvessa.
Duvessa hits you with a +0 short sword!
* * * LOW HITPOINT WARNING * * *
Duvessa misses you.
You aren't carrying any potions.
Unknown command.
You aren't carrying any potions.
Casting: Spider Form (quite dangerous; 45% risk of failure)
Confirm with . or Enter, or press ? or * to list all spells.
The spell is quite dangerous to miscast (45% risk of failure)!
Continue anyway?
You turn into a venomous arachnid creature.
Your +2 leather armour of poison resistance melds into your body.
You no longer feel resistant to poison.
Duvessa completely misses you.
Unknown command.
Unknown command.
Duvessa misses you. Duvessa barely misses you.
You climb downwards.
You hear the hiss of flowing sand.
There is an entrance to an ossuary on this level.
Hurry and find it before the portal is buried!
The jelly quivers.
There is a stone staircase leading up here.
Unknown command.
Duvessa hits you with a +0 short sword!
You feel threatened and lose the ability to read scrolls!
You die...

. .. ... ...#
.... ###..#
#s.#
#......e....#
.............#
##..#......###
## ###.J.##
###.# ##


You could see Duvessa (berserk) and a jelly.

Vanquished Creatures
  Dowan (D:4)
  A hound (D:4)
  Ijyb (D:3)
  Jessica (D:3)
  Robin (D:2)
  3 gnolls (D:2)
  6 adders
  An ufetubus (D:4)
  A worm (D:4)
  A dart slug (D:3)
  3 orcs (D:3)
  9 endoplasms
  2 giant cockroaches (D:2)
  11 goblins
  14 hobgoblins
  3 jackals (D:2)
  3 quokkas
  9 ball pythons
  A bat (D:3)
  3 frilled lizards (D:1)
  7 kobolds
  6 rats
88 creatures vanquished.

Vanquished Creatures (others)
  8 plants
8 creatures vanquished.

Grand Total: 96 creatures vanquished

Notes
Turn   | Place    | Note
-------+----------+-------------------------------------------
     0 | D:1      | ytrimaz the Demonspawn Transmuter began the quest for the
                  | Orb.
     0 | D:1      | Reached XP level 1. HP: 15/15 MP: 3/3
   122 | D:1      | Reached skill level 3 in Unarmed Combat
   262 | D:1      | Gained mutation: You are partially covered in razor-sharp
                  | scales. (AC +1, Slay +1) [demonic ancestry]
   262 | D:1      | Reached XP level 2. HP: 21/21 MP: 3/5
   795 | D:1      | Reached XP level 3. HP: 26/26 MP: 6/6
   956 | D:2      | Reached skill level 4 in Unarmed Combat
  1058 | D:2      | Reached XP level 4. HP: 24/32 MP: 7/7
  1204 | D:2      | Noticed Robin
  1237 | D:2      | Killed Robin
  1484 | D:2      | Found Oxtuquck's Assorted Antiques.
  1492 | D:2      | Bought a scroll labelled PIARREMUUL for 30 gold pieces
  1492 | D:2      | Bought a scroll labelled HOK GAUROALIUPT for 30 gold pieces
  1516 | D:2      | Reached skill level 5 in Unarmed Combat
  1742 | D:2      | Learned a level 2 spell: Wereblood
  1750 | D:2      | Learned a level 3 spell: Spider Form
  2521 | D:3      | Noticed Ijyb
  2522 | D:3      | Gained mutation: You have a small tail. [demonic ancestry]
  2522 | D:3      | Reached XP level 5. HP: 36/37 MP: 8/8
  2556 | D:3      | Killed Ijyb
  2568 | D:3      | Noticed Jessica
  2710 | D:3      | Killed Jessica
  3816 | D:4      | Reached skill level 6 in Unarmed Combat
  4147 | D:4      | Noticed Dowan
  4149 | D:4      | Gained mutation: You regenerate a little health from kills.
                  | [demonic ancestry]
  4149 | D:4      | Reached XP level 6. HP: 39/43 MP: 7/9
  4157 | D:4      | Killed Dowan
  4228 | D:4      | Noticed Duvessa
  4234 | D:4      | Gained mutation: You have hidden genetic defects.
                  | [mutagenic glow]
  4235 | D:4      | Lost mutation: You have hidden genetic defects. [potion of
                  | mutation]
  4235 | D:4      | Gained mutation: Your flesh is heat resistant. (rF+)
                  | [potion of mutation]
  4235 | D:4      | Gained mutation: You are agile. (Dex +4, Str/Int -1)
                  | [potion of mutation]
  4235 | D:4      | Gained mutation: You occasionally lose the ability to read
                  | scrolls when taking damage. [potion of mutation]
  4235 | D:4      | Gained mutation: You expend magic power (3 MP) to
                  | strengthen your wands. [potion of mutation]
  4245 | D:5      | Entered Level 5 of the Dungeon
  4246 | D:5      | Slain by Duvessa

Illustrated notes

Levels and vault maps discovered:
D:1:      wander_arrival_fairy_ring, layout_rooms
D:2:      layout_loops_ring, serial_shops, nicolae_shop_overgrown_old_shop,
          uniq_robin
D:3:      layout_loops_ring, serial_forest, infiniplex_forest_straight_2,
          infiniplex_forest_split, infiniplex_forest_side_room,
          infiniplex_forest_straight_3, infiniplex_forest_end_3,
          infiniplex_forest_corner_1, minmay_surrounded, uniq_jessica, uniq_ijyb
D:4:      layout_basic, grunt_temple_overflow_open, uniq_duvessa
D:5:      wad_lake_hut, layout_cave_pools, kennysheep_mini,
          ebering_ghost_reflecting_pool, enter_ossuary_1, nicolae_grassy_gnolls,
          uniq_blork_the_orc

Skill      XL: |  1  2  3  4  5 |
---------------+----------------+-----
Unarmed Combat | 3 4 5 6 |  6.4
Fighting       | |  1.0
Dodging        | |  1.7
Spellcasting   | |  2.0
Transmutations | |  1.7

Action                   |  1- 3 |  4- 6 || total
-------------------------+-------+-------++-------
Melee: Unarmed           |    74 |   145 ||   219
       Headbutt          |    10 |    10 ||    20
       Kick              |     6 |    14 ||    20
       Punch             |     1 |     2 ||     3
       Tailslap          |       |    11 ||    11
Throw: Throwing net      |       |     3 ||     3
 Cast: Beastly Appendage |    15 |    16 ||    31
       Spider Form       |       |     4 ||     4
       Wereblood         |       |     1 ||     1
  Use: Scroll            |     3 |     7 ||    10
       Potion            |       |     5 ||     5
 Stab: Sleeping          |       |     1 ||     1
Armor: Robe              |     6 |       ||     6
       Leather armour    |     5 |    39 ||    44
       Skin              |       |    29 ||    29
Dodge: Dodged            |    60 |    87 ||   147

Table legend: (Time is in decaauts)
 A = Elapsed time spent in this place.
 B = Non-inter-level travel time spent in this place.
 C = Inter-level travel time spent in this place.
 D = Time resting spent in this place.
 E = Time spent auto-exploring this place.
 F = Levels seen in this place.
 G = Mean time per level.
                   A        B        C        D        E       F      G
               +--------+--------+--------+--------+--------+-----+--------+
         Total |   4226 |   4152 |     74 |    278 |   3163 |   5 |  845.2 |
       Dungeon |   4226 |   4152 |     74 |    278 |   3163 |   5 |  845.2 |
               +--------+--------+--------+--------+--------+-----+--------+

Top non-repeatable levels by time:
     D:2: 1686 daAuts
     D:3: 1137 daAuts
     D:1: 915 daAuts
     D:4: 486 daAuts
     D:5: 0 daAuts
